 Dungeon Crawl Stone Soup version 0.14-a0-1097-gc7db7fc (webtiles) character file.

163 PolkaDot the Ruinous (level 4, -1/27 (30) HPs)
             Began as a Vampire Conjurer on Nov 26, 2013.
             Rotted away (potion of mutation)
             ... on Level 3 of the Dungeon.
             The game lasted 00:05:09 (1907 turns).

PolkaDot the Ruinous (Vampire Conjurer)             Turns: 1907, Time: 00:05:11

HP  -1/27 (30)   AC  3     Str  7      XL: 4   Next: 79%
MP   4/8         EV 12     Int 17 (18) God:
Gold 40          SH  0     Dex 14      Spells:  2 memorised,  2 levels left

rFire  . . .     SeeInvis +     h - +1,+0 whip (flame)
rCold  . . .     Clarity  .     a - +0 robe
rNeg   . . .     Conserve .     (no shield)
rPois  .         rCorr    .     (no helmet)
rElec  .         rRot     .     (no cloak)
SustAb . .       Spirit   .     (no gloves)
rMut   .         Warding  .     d - +0 pair of boots
Saprov . . .     Stasis   .     (no amulet)
                                (no ring)
                                (no ring)

@: regenerating quickly, confused, mildly poisoned, slightly resistant to
hostile enchantments, unstealthy
A: fangs 3, see invisible, unbreathing
a: no special abilities


You were on level 3 of the Dungeon.
You were full.

You visited 1 branch of the dungeon, and saw 3 of its levels.

You collected 40 gold pieces.

Inventory:

Hand weapons
 h - a +1,+0 whip of flaming (weapon)
Armour
 a - a +0 robe (worn)
 d - a +0 pair of boots (worn)
Scrolls
 b - 2 scrolls of enchant armour {unknown}
 e - 3 scrolls of remove curse
 g - a scroll of random uselessness {unknown}
 o - a scroll of identify {unknown}
Potions
 i - a potion of mutation {unknown}
 j - a potion of curing {unknown}
 k - a potion of heal wounds {unknown}
 l - a potion of magic {unknown}
 m - a potion of agility {unknown}
 n - a potion of speed {unknown}
 p - a potion of might {unknown}
Books
 c - a book of Conjurations

   Spells                             Type                      Level
   *Magic Dart                        Conjuration                  1
   *Searing Ray                       Conjuration                  2
   Dazzling Spray                     Conjuration/Hexes            3
   Iskenderun's Mystic Blast          Conjuration                  4
   Iskenderun's Battlesphere          Conjuration/Charms           4
   Fulminant Prism                    Conjuration/Hexes            5


   Skills:
 - Level 2.1 Dodging
 - Level 3.0 Stealth
 - Level 1.0 Spellcasting
 * Level 4.6 Conjurations


You had 2 spell levels left.
You knew the following spells:

 Your Spells              Type           Power        Failure   Level  Hunger
a - Magic Dart            Conj           ###.         3%          1    ##.....
s - Searing Ray           Conj           ###...       6%          2    ###....


Dungeon Overview and Level Annotations

Branches:
Dungeon (3/16)

Altars:


Innate Abilities, Weirdness & Mutations

Your natural rate of healing is unusually fast.
You have razor-sharp teeth.*
You have supernaturally acute eyesight.
You can survive without breathing.*


Message History

You barely miss the orc wizard. Your bite misses the orc wizard.
The orc wizard is moderately wounded.
You feel sick.
The orc wizard points at you and mumbles some strange words.
The puff of flame hits you!
* * * LOW HITPOINT WARNING * * *
Drink which item? (? for menu, Esc to quit)
Okay, then.
Drink which item? (? for menu, Esc to quit)
You feel refreshed.
It was a potion of restore abilities.
The orc wizard casts a spell at you.
You are confused.
Drink which item? (? for menu, Esc to quit)
You feel extremely strange.
Your body decomposes!
* * * LOW HITPOINT WARNING * * *
Your body decomposes!
You feel dopey.
Your body decomposes!
You die...

#.# #######... #.#
#<.. #.# #... #.#
#... #.# ##.# #.#
#.# #.# #.# #.#
... #@# #o# #.# #
#)# .# ##### #.#
..#.
.......##.##......
..................
.!.....##.##?..#.#
.......).........


You could see an orc wizard (invisible).

Vanquished Creatures
  An orc wizard (D:3)
  3 adders (D:2)
  A giant mite (D:1)
  An ooze (D:2)
  2 orcs (D:3)
  2 ball pythons
  9 bats
  5 giant cockroaches
  10 goblins
  5 hobgoblins
  4 jackals (D:1)
  8 kobolds
  2 giant geckos
  A giant newt (D:1)
  A rat (D:1)
55 creatures vanquished.

Notes
Turn   | Place    | Note
--------------------------------------------------------------
     0 | D:1      | PolkaDot, the Vampire Conjurer, began the quest for the Orb.
     0 | D:1      | Reached XP level 1. HP: 13/13 MP: 4/4
   331 | D:1      | Reached XP level 2. HP: 19/19 MP: 1/5
   770 | D:1      | Learned a level 2 spell: Searing Ray
   819 | D:1      | Reached XP level 3. HP: 24/24 MP: 6/6
  1270 | D:2      | Reached skill level 4 in Conjurations
  1509 | D:2      | Reached XP level 4. HP: 30/30 MP: 4/8
  1907 | D:3      | Rotted away (potion of mutation)

Action                   |  1- 3 |  4- 6 || total
-------------------------+-------+-------++-------
Melee: Unarmed           |     7 |       ||     7
       Whip              |    57 |    34 ||    91
 Cast: Magic Dart        |    50 |     2 ||    52
       Searing Ray       |     1 |     2 ||     3
  Use: Potion            |     1 |     1 ||     2
       Scroll            |       |     1 ||     1
 Stab: Sleeping          |     3 |     1 ||     4
